 Dungeon Crawl Stone Soup version 0.27-a0-681-g0c81a3c1c3 (webtiles) character file.

Game seed: 384406469002487463

14 robertstho the Ruffian (level 2, -2/21 HPs)
             Began as an Octopode Berserker on Mar 19, 2021.
             Was a Follower of Trog.
             Slain by a goblin
             ... wielding a +0 club
              (5 damage)
             ... on level 1 of the Dungeon.
             The game lasted 00:00:31 (427 turns).

robertstho the Ruffian (Octopode Berserker)          Turns: 427, Time: 00:00:32

Health: -2/21      AC:  1    Str: 16    XL:     2   Next: 41%
Magic:  2/2        EV: 13    Int:  9    God:    Trog [*.....]
Gold:   2          SH:  5    Dex: 11    Spells: 1/1 levels left

rFire    . . .     SeeInvis .     - Unarmed
rCold    . . .     Faith    .   (no shield)
rNeg     . . .     Spirit   .   (helmet restricted)
rPois    .         Reflect  +   b - amulet of reflection
rElec    .         Harm     .   (no ring)
rCorr    .         Rampage  .   (no ring)
Will     .....                  (no ring)
Stlth    ++........             (no ring)
HPRegen  0.07/turn              (no ring)
MPRegen  0.08/turn              (no ring)
                                (no ring)
                                (no ring)

@: no status effects
A: almost no armour, amphibious, 8 rings, camouflage 1, gelatinous body 1,
nimble swimmer 1, tentacles
a: Renounce Religion, Berserk


You were on level 1 of the Dungeon.
You worshipped Trog.
Trog was aware of your devotion.
You visited 1 branch of the dungeon, and saw 1 of its levels.

You collected 2 gold pieces.

Inventory:

Jewellery
 b - an amulet of reflection (around mantle)
Scrolls
 a - a scroll of fear {unknown}


   Skills:
 + Level 3.2 Fighting
 + Level 3.2 Dodging
 + Level 3.3 Unarmed Combat


You had one spell level left.
You didn't know any spells.
Your spell library was empty.

Dungeon Overview and Level Annotations

Branches:
Dungeon (1/15)

Altars:


Innate Abilities, Weirdness & Mutations

You cannot wear most types of armour.
You are amphibious.
You can wear up to eight rings at the same time.
Your skin changes colour to match your surroundings (Stealth+).
Your rubbery body absorbs attacks. (AC +1, EV +1)
You are stealthy while swimming. (Stealth+)
You have tentacles for arms and can constrict up to eight enemies at once.


Message History

No target in view!
Drop what? 3/52 slots (_ for help) (? for menu, Esc to quit)
You drop an amulet of magic regeneration.
Okay, then.
A goblin is nearby!
A goblin is nearby!
A goblin is nearby!
A goblin is nearby!
A leopard gecko, a goblin and a dart slug come into view.
The leopard gecko hisses angrily.
The goblin shouts!
The dart slug moves out of view.
The goblin shouts!
Found 21 gold pieces.
A goblin comes into view. It is wielding a +0 club.
The goblin shouts!
The goblin hits you with a +0 club.
You barely miss the goblin. You grab the goblin. You squeeze the goblin.
The goblin is severely wounded.
You constrict the goblin.
You kill the goblin!
Trog accepts your kill.
A bat comes into view. x2
You barely miss the goblin. Your grab misses the goblin.
The goblin hits you with a +0 club.
You miss the leopard gecko. Your grab misses the leopard gecko.
The goblin barely misses you. The dart slug launches a dart at you.
The slug dart hits you. The leopard gecko bites you.
* * * LOW HITPOINT WARNING * * *
You are too injured to fight recklessly!
You are too injured to fight recklessly!
You are too injured to fight recklessly!
You are too injured to fight recklessly!
You are too injured to fight recklessly!
You are too injured to fight recklessly!
Unknown command.
The bat hits you.
* * * LOW HITPOINT WARNING * * *
The goblin hits you with a +0 club.
You die...

# #.. .# .$. ..##.####.#
# #.. .......(..# #...
#.#..##.##...#..# #...
#.w.....##..###.### #...
........##...#....# #...
........##........####...
......bg#....."..........
......lb@#...............
.......##................
....... ##...>....####...
....... ##.......# #...
#...... ###.##### #...
#..#### #.# #... ... #.#
#... #. .. #######.#
#.......#


You could see a dart slug, a leopard gecko, a goblin and 2 bats.

Vanquished Creatures
  A giant cockroach (D:1)
  2 goblins (D:1)
  2 hobgoblins (D:1)
  2 kobolds (D:1)
  A ball python (D:1)
  3 bats (D:1)
  3 rats (D:1)
14 creatures vanquished.

Notes
Turn   | Place    | Note
-------+----------+-------------------------------------------
     0 | D:1      | robertstho the Octopode Berserker began the quest for the
                  | Orb.
     0 | D:1      | Reached XP level 1. HP: 16/16 MP: 1/1
   144 | D:1      | Reached XP level 2. HP: 12/21 MP: 2/2
   427 | D:1      | Slain by a goblin

Illustrated notes

Levels and vault maps discovered:
D:1:      lemuel_arrival_behind_the_door_large, layout_loops_cross,
          minmay_pentomino_p2

Action                   || total
-------------------------++-------
Melee: Unarmed           ||    27
       Constrict         ||     8
       Tentacles         ||     3
 Stab: Sleeping          ||     1
Armor: Skin              ||     3
Dodge: Dodged            ||    13
Block: Other             ||     2

Table legend: (Time is in decaauts)
 A = Elapsed time spent in this place.
 B = Non-inter-level travel time spent in this place.
 C = Inter-level travel time spent in this place.
 D = Time resting spent in this place.
 E = Time spent auto-exploring this place.
 F = Levels seen in this place.
 G = Mean time per level.
                   A        B        C        D        E       F      G
               +--------+--------+--------+--------+--------+-----+--------+
         Total |    425 |    425 |      0 |      0 |    341 |   1 |  425.0 |
       Dungeon |    425 |    425 |      0 |      0 |    341 |   1 |  425.0 |
               +--------+--------+--------+--------+--------+-----+--------+

Top non-repeatable levels by time:
     D:1: 425 daAuts
